 Dungeon Crawl Stone Soup version 0.22.0 (webtiles) character file.

182 CyclopB the Insei (level 5, 12/33 HPs)
             Began as an Octopode Transmuter on Jan 22, 2019.
             Got out of the dungeon alive.
             The game lasted 00:07:59 (3791 turns).

CyclopB the Insei (Octopode Transmuter)             Turns: 3791, Time: 00:08:00

Health: 12/33      AC: -2    Str:  9    XL:     5   Next: 61%
Magic:  8/8        EV: 12    Int: 16    God:
Gold:   177        SH:  0    Dex: 13    Spells: 7/8 levels left

rFire    . . .     SeeInvis .     - Unarmed
rCold    . . .     Gourm    .   (no shield)
rNeg     . . .     Faith    .   (helmet restricted)
rPois    .         Spirit   .   (no amulet)
rElec    .         Reflect  .   i - ring of resist corrosion
rCorr    +         Harm     .   q - -3 ring of protection (curse)
MR       .....                  (no ring)
Stlth    +++.......             (no ring)
HPRegen  0.11/turn              (no ring)
MPRegen  0.11/turn              (no ring)
                                (no ring)
                                (no ring)

@: drained
A: almost no armour, stealthy swim, amphibious, 8 rings, constrict 8, camouflage
1, gelatinous body 1
a: no special abilities


You escaped.
You were not hungry.

You visited 1 branch of the dungeon, and saw 4 of its levels.

You collected 177 gold pieces.

Inventory:

Missiles
 a - 54 arrows
 h - 89 stones (quivered)
Jewellery
 i - a ring of resist corrosion (left tentacle)
 q - a cursed -3 ring of protection (right tentacle)
 s - an uncursed amulet of harm
Wands
 o - a wand of random effects (31)
Scrolls
 g - a scroll of teleportation {unknown}
 j - a scroll of enchant armour {unknown}
 l - 2 scrolls of enchant weapon {unknown}
 n - a scroll of magic mapping {unknown}
 t - 3 scrolls of identify {unknown}
Potions
 b - a potion of berserk rage {unknown}
 d - a potion of mutation {unknown}
 e - a potion of curing {unknown}
 f - a potion of flight {unknown}
 p - a potion of degeneration {unknown}
 r - a potion of heal wounds {unknown}
Comestibles
 c - 5 rations
 u - 7 chunks of flesh


   Skills:
 - Level 1.0(0.0) Fighting
 - Level 2.0(0.9) Dodging
 - Level 1.9(0.8) Stealth
 - Level 5.8(4.6) Unarmed Combat
 - Level 2.0(0.9) Spellcasting
 + Level 2.2(1.1) Transmutations


You had 7 spell levels left.
You knew the following spells:

 Your Spells              Type           Power        Failure   Level  Hunger
a - Beastly Appendage     Tmut           #.....       14%         1    ##.....

Your spell library contained the following spells:

 Spells                   Type           Power        Failure   Level  Hunger
 Spider Form              Tmut/Pois      #.........   47%         3    ####...
 Blade Hands              Tmut           #.........   98%         5    ######.
 Ice Form                 Ice/Tmut       #.......     87%         4    #####..
 Sticks to Snakes         Tmut           #.......     22%         2    ###....


Dungeon Overview and Level Annotations

Branches:
Dungeon (4/15)
 Temple: D:4-7

Altars:
Fedhas
Kikubaaqudgha
Okawaru
Ru
Wu Jian
Xom


Innate Abilities, Weirdness & Mutations

You cannot wear most types of armour.
You are very stealthy in the water. (Stealth+)
You are amphibious.
You can wear up to eight rings at the same time.
You can use your tentacles to constrict eight enemies at once.
Your skin changes colour to match your surroundings (Stealth+).
Your rubbery body absorbs attacks. (AC +1, EV +1)


Message History

You feel a little less mighty now.
Save game and exit?
Welcome back, CyclopB the Octopode Transmuter.
Press ? for a list of commands and other information.
(D) Dungeon
Where to? (? - help)
What level of the Dungeon? (default 1, ? - help)
There is a stone staircase leading up here.
You climb upwards.
There is a stone staircase leading down here.
There is a stone staircase leading up here.
You climb upwards.
There is a stone staircase leading down here.
You see here 25 bolts.
You see here a dagger.
You open the door.
There is an open door here.
There is a staircase leading out of the dungeon here.
Are you sure you want to leave the Dungeon?
This will make you lose the game!
You have escaped!

#### #...#≈.≈#§≈≈#.####
#.# #...#≈.≈#≈≈.#..#
#.# #...#≈.≈#≈..#..#
#.#
#...#...#...#..######.#
#...........#..##.##...
#...........##.#.#.#.##
#...........#...###..#.
#...........##.## ##.##
#.....@.....###.###..#.
#...........# ##.#.....
############# #.......
#.# #.# #.###### ## #.#
####.# #.###### .# #.#
#....# #.....†. .# #.#
#.#### ######## .# #.#
#.# # .# #.###.# #


There were no monsters in sight!

Vanquished Creatures
  An orc priest (D:3)
  An orc wizard (D:3)
  5 adders
  An ooze (D:1)
  A dart slug (D:3)
  3 leopard geckos
  7 orcs
  5 giant cockroaches
  5 hobgoblins
  10 jackals
  A quokka (D:3)
  A ball python (D:1)
  4 bats
  A frilled lizard (D:1)
  7 goblins
  4 kobolds
  6 rats
  A butterfly (D:2)
64 creatures vanquished.

Notes
Turn   | Place    | Note
-------+----------+-------------------------------------------
     0 | D:1      | CyclopB the Octopode Transmuter began the quest for the Orb.
     0 | D:1      | Reached XP level 1. HP: 13/13 MP: 3/3
   550 | D:1      | Reached XP level 2. HP: 18/18 MP: 5/5
   984 | D:2      | Reached XP level 3. HP: 23/23 MP: 6/6
   993 | D:2      | Reached skill level 4 in Unarmed Combat
  1232 | D:2      | Reached skill level 1 in Stealth
  1480 | D:2      | Reached XP level 4. HP: 17/28 MP: 7/7
  1972 | D:2      | Found a shimmering altar of Xom.
  2681 | D:3      | Found an ancient bone altar of Kikubaaqudgha.
  2683 | D:3      | Found a blossoming altar of Fedhas.
  2740 | D:3      | Reached skill level 5 in Unarmed Combat
  2843 | D:3      | Found an ornate altar of the Wu Jian Council.
  2896 | D:3      | Found an iron altar of Okawaru.
  3133 | D:4      | Noticed an ogre
  3133 | D:4      | Noticed an ogre
  3533 | D:3      | Found a sacrificial altar of Ru.
  3655 | D:3      | Reached XP level 5. HP: 33/33 MP: 8/8
  3687 | D:3      | HP: 2/49 [poisoned by an adder]
  3695 | D:3      | HP: 2/49 [poisoned by an adder]
  3791 | D:$      | Got out of the dungeon alive.

Skill      XL: |  1  2  3  4 |
---------------+-------------+-----
Unarmed Combat | 4 5 |  5.8
Stealth        | 1 |  1.9
Fighting       | |  1.0
Dodging        | |  2.0
Spellcasting   | |  2.0
Transmutations | |  2.2

Action                   |  1- 3 |  4- 6 || total
-------------------------+-------+-------++-------
Melee: Unarmed           |    79 |    73 ||   152
       Constrict         |    20 |    14 ||    34
       Tentacles         |    16 |     7 ||    23
       Kick              |       |     1 ||     1
       Punch             |       |     1 ||     1
Throw: Stone             |       |    19 ||    19
 Cast: Beastly Appendage |       |     1 ||     1
  Use: Potion            |     1 |     2 ||     3
 Stab: Sleeping          |     8 |     6 ||    14
  Eat: Chunk             |     1 |     8 ||     9
Armor: Skin              |    10 |     7 ||    17
Dodge: Dodged            |    61 |    47 ||   108
